 Dungeon Crawl Stone Soup version 0.19.5 (webtiles) character file.

100 miragecloak the Poker (level 4, -1/35 HPs)
             Began as a Merfolk Abyssal Knight on May 11, 2017.
             Was a Believer of Lugonu.
             Slain by a shadow imp (3 damage)
             ... summoned by Natasha
             ... on level 2 of the Dungeon.
             The game lasted 00:01:41 (2222 turns).

miragecloak the Poker (Merfolk Abyssal Knight)      Turns: 2222, Time: 00:01:41

Health: -1/35      AC:  3    Str: 12    XL:     4   Next: 73%
Magic:  5/5        EV: 12    Int: 11    God:    Lugonu [**....]
Gold:   12         SH:  0    Dex: 14    Spells: 0 memorised, 3 levels left

rFire  . . .     SeeInvis .     a - +1 spear
rCold  . . .     Gourm    .     b - +0 leather armour
rNeg   . . .     Faith    .     (no shield)
rPois  .         Spirit   .     (no helmet)
rElec  .         Reflect  .     (no cloak)
rCorr  .         Harm     .     (no gloves)
MR     .....                    (no boots)
Stlth  +.........               p - amulet of inaccuracy (curse)
                                (no ring)
                                (no ring)

@: no status effects
A: change form in water, swift swim, stealthy swim
a: Depart the Abyss, Bend Space, Renounce Religion


You were on level 2 of the Dungeon.
You worshipped Lugonu.
Lugonu was pleased with you.
You were very hungry.

You visited 1 branch of the dungeon, and saw 2 of its levels.
You visited the Abyss 1 time.

You collected 12 gold pieces.

Inventory:

Hand Weapons
 a - a +1 spear (weapon)
Armour
 b - a +0 leather armour (worn)
 e - a +0 shield
Jewellery
 p - a cursed amulet of inaccuracy (around neck)
Scrolls
 d - a scroll of enchant armour {unknown}
 f - a scroll of blinking {unknown}
 g - 2 scrolls of identify {unknown}
 j - a scroll of random uselessness {unknown}
 o - a scroll of noise {unknown}
 r - a scroll of fear {unknown}
Potions
 l - a potion of mutation {unknown}
Comestibles
 c - a bread ration
 h - a meat ration


   Skills:
 - Level 3.2 Fighting
 + Level 7.0 Polearms
 - Level 0.6 Armour
 - Level 2.6 Dodging
 - Level 2.0 Invocations


You had 3 spell levels left.
You didn't know any spells.

Dungeon Overview and Level Annotations

Branches:
Dungeon (2/15)

Altars:

Annotations:
D:2 Natasha


Message History

Natasha is heavily wounded.
Natasha claws you.
* * * LOW HITPOINT WARNING * * *
The shadow imp hits you.
* * * LOW HITPOINT WARNING * * *
You hit Natasha.
Natasha is severely wounded.
Natasha mumbles some strange words.
You feel troubled. Natasha claws you.
* * * LOW HITPOINT WARNING * * *
You miss Natasha.
Natasha is severely wounded.
The shadow imp hits you.
* * * LOW HITPOINT WARNING * * *
You miss Natasha.
Natasha is severely wounded.
Natasha stares at you and mumbles some strange words.
You resist with some effort. The shadow imp hits you.
You die...

#< #. #. #. ########## #. #
#(.......# #. # #........# #.
############....5...############.
....)..........h@................
############........############.
# ########## #. # #. # #) # #. #
#. # #. # #.


You could see Natasha and a shadow imp.

Vanquished Creatures
  Natasha (D:2)
  3 adders
  3 leopard geckos
  A giant cockroach (D:1)
  4 goblins (D:2)
  4 hobgoblins (D:1)
  7 jackals (D:1)
  3 kobolds (D:1)
  3 ball pythons
  4 bats
  2 frilled lizards
  9 rats
44 creatures vanquished.

Notes
Turn   | Place    | Note
-------+----------+-------------------------------------------
     0 | Abyss:1  | miragecloak the Merfolk Abyssal Knight began the quest for the Orb.
     0 | Abyss:1  | Reached XP level 1. HP: 18/18 MP: 2/2
    57 | Abyss:1  | Noticed a large abomination
    58 | Abyss:1  | Noticed a large abomination
    59 | D:1      | Escaped the Abyss
    72 | D:1      | Reached * piety under Lugonu
   219 | D:1      | Reached skill level 4 in Polearms
   219 | D:1      | Reached XP level 2. HP: 18/24 MP: 3/3
   654 | D:1      | Reached XP level 3. HP: 29/29 MP: 4/4
   656 | D:1      | Reached skill level 5 in Polearms
  1315 | D:2      | Reached ** piety under Lugonu
  1341 | D:2      | Noticed Natasha
  1442 | D:2      | Reached skill level 6 in Polearms
  1516 | D:1      | HP: 1/29 [poisoned by an adder]
  1517 | D:1      | Reached XP level 4. HP: 1/35 MP: 5/5
  2039 | D:2      | Killed Natasha
  2122 | D:2      | Reached skill level 7 in Polearms
  2178 | D:2      | Noticed Natasha
  2222 | D:2      | Slain by a shadow imp

Skill      XL: |  1  2  3  4 |
---------------+-------------+-----
Polearms       | 4 6 7 |  7.0
Fighting       | |  3.2
Armour         | |  0.6
Dodging        | |  2.6
Invocations    | |  2.0

Action                   |  1- 3 |  4- 6 || total
-------------------------+-------+-------++-------
Melee: Spear             |   148 |    42 ||   190
Invok: Depart the Abyss  |     1 |       ||     1
  Use: Potion            |       |     4 ||     4
 Stab: Sleeping          |     2 |       ||     2
  Eat: Chunk             |     2 |     1 ||     3
Armor: Leather armour    |    28 |     4 ||    32
Dodge: Dodged            |    69 |    15 ||    84
